 Dungeon Crawl Stone Soup version 0.30.2 (webtiles) character file.

Game seed: 9271816740446659099

87 porpoise the Shooter (level 4, -2/40 HPs)
             Began as a Minotaur Hunter on Feb 17, 2024.
             Slain by an orc wizard
             ... wielding a +0 whip
              (6 damage)
             ... on level 2 of the Dungeon.
             The game lasted 00:04:23 (1740 turns).

porpoise the Shooter (Minotaur Hunter)              Turns: 1740, Time: 00:04:23

Health: -2/40      AC:  4    Str: 16    XL:     4   Next: 28%
Magic:  3/3        EV: 12    Int:  6    God:
Gold:   60         SH:  0    Dex: 15    Spells: 3/3 levels left

rFire   . . .        b - +2 trident (pain)
rCold   . . .        (no shield)
rNeg    + . .        m - +2 robe {rN+}
rPois   .            (helmet restricted)
rElec   .            (no cloak)
rCorr   .            (no gloves)
SInv    .            (no boots)
Will    .....        (no amulet)
Stlth   ++           (no ring)
HPRegen 0.26/turn    (no ring)
MPRegen 0.08/turn

%: no passive effects
@: no status effects
A: horns 2, retaliatory headbutt
a: no special abilities


You were on level 2 of the Dungeon.
You visited 1 branch of the dungeon, and saw 2 of its levels.

You collected 60 gold pieces.

Inventory:

Hand Weapons
 a - a +0 shortbow
 b - a +2 trident of pain (weapon)
 l - a +2 dagger of speed
Missiles
 g - a throwing net
 i - 3 poisoned darts
Armour
 c - a +0 leather armour
 m - a +2 robe of positive energy (worn)
Scrolls
 d - a scroll of noise {unknown}
 e - a scroll of immolation
 h - a scroll of summoning {unknown}
 j - a scroll of brand weapon {unknown}
 k - a scroll of blinking {unknown}


   Skills:
 + Level 3.7 Fighting
 * Level 5.8 Ranged Weapons
 - Level 2.1 Dodging
 - Level 0.7 Stealth


You had 3 spell levels left.
You didn't know any spells.
Your spell library contained the following spells:

 Spells                   Type           Power      Damage    Failure   Level
 Stone Arrow              Conj/Erth      0%         3d7       83%         3
 Animate Armour           Summ/Erth      0%         N/A       99%         4
 Lehudib's Crystal Spear  Conj/Erth      0%         10d2      100%        8


Dungeon Overview and Level Annotations

Branches:
Dungeon (2/15)

Altars:


Innate Abilities, Weirdness & Mutations

You have a pair of horns on your head.
You reflexively headbutt those who attack you in melee.


Message History

The orc hits you with a +0 whip. The orc wizard hits you with a +0 whip.
The frilled lizard closely misses you. The orc closely misses you.
The orc wizard hits you with a +0 whip. The orc hits you with a +0 whip.
The orc wizard hits you with a +0 whip.
You hit the orc.
The orc is almost dead.
The orc wizard hits you with a +0 whip. The frilled lizard barely misses you.
The orc closely misses you. The orc wizard barely misses you.
You barely miss the frilled lizard. You headbutt the frilled lizard.
You kill the frilled lizard!
The orc wizard closely misses you. The orc hits you with a +0 whip.
The orc wizard misses you.
You puncture the orc wizard!
The orc wizard is heavily wounded.
The orc hits you with a +0 whip.
The orc wizard mumbles some strange words.
The orc wizard flickers and vanishes!
Deactivating autopickup; reactivate with Ctrl-A.
The orc barely misses you. Something hits you.
* * * LOW HITPOINT WARNING * * *
You feel better. Something hits you.
* * * LOW HITPOINT WARNING * * *
The orc hits you with a +0 whip.
* * * LOW HITPOINT WARNING * * *
You closely miss something.
You hear some strange, mumbled words.
Something tries to affect you, but you resist.
Something hits you but does no damage. The orc closely misses you.
You closely miss the orc. You headbutt the orc.
You kill the orc!
Something hits you.
* * * LOW HITPOINT WARNING * * *
Something hits you.
* * * LOW HITPOINT WARNING * * *
You miss something.
Something hits you but does no damage. x2
You aren't carrying any potions.
You miss something.
Something hits you but does no damage. x2
You barely miss something.
Something hits you but does no damage. x2
You miss something. Something hits you but does no damage. Something hits you.
You die...

.... .....
...... .######
#..... .......
#...#
.......##...#
............#
.......†)...#
.......@{...+
.....###.)..#
...#
#....########
..
#.).........#
.
#........##.#
+........##.#
#........##.#
#........##.##
#........##))#


There were no monsters in sight!

Vanquished Creatures
  Jessica (D:2)
  Robin (D:2)
  2 orcs (D:2)
  3 bats (D:1)
  3 endoplasms (D:1)
  14 goblins
  6 hobgoblins (D:1)
  3 quokkas
  7 frilled lizards
  3 kobolds (D:1)
  2 rats (D:1)
45 creatures vanquished.

Notes
Turn   | Place    | Note
-------+----------+-------------------------------------------
     0 | D:1      | porpoise the Minotaur Hunter began the quest for the Orb.
     0 | D:1      | Reached XP level 1. HP: 18/18 MP: 0/0
   401 | D:1      | Reached XP level 2. HP: 25/25 MP: 1/1
   703 | D:1      | Reached skill level 5 in Ranged Weapons
  1076 | D:1      | Reached XP level 3. HP: 31/31 MP: 2/2
  1103 | D:2      | Noticed Robin
  1537 | D:2      | HP: 1/31 [Robin/+2 trident of pain (1)]
  1543 | D:2      | Killed Robin
  1698 | D:2      | Noticed Jessica
  1700 | D:2      | Killed Jessica
  1701 | D:2      | Reached XP level 4. HP: 40/40 MP: 3/3
  1740 | D:2      | Slain by an orc wizard

Illustrated notes

Levels and vault maps discovered:
D:1:      eino_arrival_water_star, layout_basic
D:2:      layout_basic, minmay_gold_behind_fungi, serial_bayou_lagoon_a,
          uniq_jessica, uniq_robin

Skill      XL: |  1  2 |
---------------+-------+-----
Fighting       | 3 |  3.7
Ranged Weapons | 5 |  5.8
Dodging        | |  2.1
Stealth        | |  0.7

Action                     |  1- 3 |  4- 6 || total
---------------------------+-------+-------++-------
  Melee: Trident           |       |    10 ||    10
         Headbutt          |       |     2 ||     2
   Fire: Shortbow          |   105 |     3 ||   108
    Use: Potion            |     2 |     1 ||     3
 Armour: Leather armour    |    13 |       ||    13
         Robe              |       |     8 ||     8
  Dodge: Dodged            |    36 |    14 ||    50
